Cogmind - Beta 15 @@@ ROGUE MODE // 2025.05.09 @ 21:44:56 Player: Quartz Result: Destroyed by 5J-VX2(R) with Subdweller Laser Performance ------------- Evolutions (0) 0 Regions Visited (2) 400 Robots Destroyed (18) 90 Value Destroyed (495) 495 Prototype IDs (4) 80 Alien Tech Used (0) 0 Bonus (0) 0 TOTAL SCORE: 1065 Bonus ------- None Cogmind --------- Core Integrity 0/250 Matter 125/300 Energy 200/200 System Corruption 0% Temperature Cool (6) Movement Core (450) Ox8 Location -10/Subcaves Parts ------- > --- POWER (1) -------- Subdweller Power Source > --- PROPULSION (2) --- (None) > --- UTILITY (2) ------ Large Storage Unit > --- WEAPON (2) ------- (None) > --- INVENTORY (15) --- Aluminum Leg Large Storage Unit Subdweller Optics Targeting Computer Targeting Computer Targeting Computer Targeting Computer Weapon Shielding Weapon Shielding Scrap Shield Peak State ------------ > --- POWER ------------ Ion Engine > --- PROPULSION ------- Aluminum Leg Aluminum Leg > --- UTILITY ---------- Large Storage Unit Core Shielding > --- WEAPON ----------- Particle Gun Assault Rifle > --- INVENTORY -------- Light Ion Engine Aluminum Leg Large Storage Unit Targeting Computer Targeting Computer Targeting Computer Targeting Computer Weapon Shielding Weapon Shielding Grenade Launcher [Rating: 9] Favorites ----------- Power Ion Engine Engine Ion Engine Propulsion Aluminum Leg Leg Aluminum Leg Utility Core Shielding Storage Small Storage Unit Protection Core Shielding Weapon Assault Rifle Energy Gun Particle Gun Energy Cannon Beam Cannon Ballistic Gun Assault Rifle Launcher Grenade Launcher Build | -11 -10 -10 ------- Run | Yrd Mat Sub Slots Evolved . | . . . Power . | . . . Propulsion . | . . . Utility . | . . . Weapon . | . . . Parts Attached 17 | 6 9 2 Power 4 | 1 2 1 Engine 4 | 1 2 1 Core . | . . . Reactor . | . . . Propulsion 4 | 2 2 . Treads . | . . . Leg 4 | 2 2 . Wheel . | . . . Hover . | . . . Flight . | . . . Utility 3 | 1 2 . Device . | . . . Storage 2 | 1 1 . Processor . | . . . Hackware . | . . . Protection 1 | . 1 . Artifact . | . . . Weapon 6 | 2 3 1 Energy Gun 1 | . 1 . Energy Cannon 1 | . 1 . Ballistic Gun 3 | 2 1 . Ballistic Cannon . | . . . Launcher 1 | . . 1 Special Weapon . | . . . Impact Weapon . | . . . Slashing Weapon . | . . . Piercing Weapon . | . . . Special Melee Weapon . | . . . Unidentified Prototypes . | . . . Parts Lost 9 | . 2 7 Power 1 | . . 1 Propulsion 3 | . 1 2 Utility 1 | . . 1 Weapon 4 | . 1 3 Highest Loss Streak 6 | . 1 6 To Critical Strikes . | . . . Average Backups 6 | . 6 10 Power . | . 1 . Propulsion . | . . 1 Utility 4 | . 4 8 Weapon . | . . 1 Tool/Special . | . . . Unused Backups 10 | . . 10 Power . | . . . Propulsion 1 | . . 1 Utility 9 | . . 9 Weapon . | . . . Tool/Special . | . . . Average Slot Usage (%) 96 | . 97 91 Engine 13 | . 14 11 Leg 27 | . 27 24 Storage 14 | . 14 14 Protection 12 | . 12 13 Energy Gun 2 | . 2 . Energy Cannon 3 | . 2 13 Ballistic Gun 21 | . 22 13 Peak Build Rating 9 | 6 9 9 Average Rating 7 | 4 7 7 On Entrance 4 | . 6 7 Naked Turns . | . . . Heaviest Build 31 | 11 31 31 Greatest Support 20 | 20 20 20 Greatest Overweight (x) 8 | . 1 8 Average Overweight (x) . | . . 1 Largest Inventory Capacity 15 | 8 15 15 Average Capacity 10 | 6 9 15 Most Carried 13 | 5 11 13 Average Carried 7 | 1 6 11 Final Capacity 15 | 8 15 15 Final Carried 11 | 1 9 11 Class Distribution -------------------- 83% | Mutant 16% | Scavenger-Mutant Dominant Class ---------------- Mutant | -10/Materials Mutant | -10/Subcaves Resources | -11 -10 -10 ----------- Run | Yrd Mat Sub Matter Collected 475 | 207 232 36 Remotely . | . . . Salvage Created 705 | . 653 52 Parts 36 | . 34 2 Haulers Intercepted 1 | . 1 . Recyclers Shooed . | . . . Parts Field Recycled . | . . . Retrieved Matter . | . . . Parts Self-Destructed 5 | . . 5 Prevented . | . . . Kills | -11 -10 -10 ------- Run | Yrd Mat Sub Combat Hostiles Destroyed 14 | . 12 2 Guns 12 | . 12 . AOE 2 | . . 2 Classes Destroyed 7 | . 6 1 Hauler 1 | . 1 . Recycler 1 | . 1 . Operator 1 | . 1 . Watcher 1 | . 1 . Swarmer 3 | . 3 . Grunt 9 | . 9 . Subdweller 2 | . . 2 Best Kill Streak 3 | . 3 2 Combat Bots Only 3 | . 3 2 Max Kills in Single Turn 2 | . 2 1 Gunslinging 1 | . 1 . Exploded 1 | . . 1 Melee . | . . . Uniques/NPCs Destroyed . | . . . Combat | -11 -10 -10 -------- Run | Yrd Mat Sub Hostile Shots Fired 100 | . 70 30 Missed 25 | . 17 8 Hits 75 | . 53 22 Projectile 75 | . 53 22 AOE 5 | . . 5 Critical Strikes 1 | . 1 . Damage Taken 1338 | . 668 670 Core 263 | . 105 158 Absorbed by Shields . | . . . Redirected to Shielding 50 | . 21 29 Core Remaining (%) 100 | 100 . . Volleys Fired 81 | . 71 10 Largest 2 | . 2 2 Hottest 90 | . 85 90 Shots Fired 148 | . 133 15 Gun 132 | . 126 6 Cannon 12 | . 7 5 Launcher 4 | . . 4 Special . | . . . Kinetic 120 | . 114 6 Thermal 24 | . 19 5 Explosive 4 | . . 4 Electromagnetic . | . . . Robot Hit Streak 15 | . 8 15 Robot Miss Streak 3 | . 3 . Penetration Max . | . . . Secondary Targets 3 | . 3 . Max Gunslinging Chain 1 | . 1 . Shots Hit Robots 99 | . 84 15 Core Hits 35 | . 31 4 Critical Kills . | . . . Critical Parts Destroyed 1 | . 1 . Critical Strikes 1 | . 1 . Destroy 1 | . 1 . Melee Attacks . | . . . Impact . | . . . Slashing . | . . . Piercing . | . . . Sneak Attacks . | . . . Combat Hostiles . | . . . Follow-up Attacks . | . . . Damage Inflicted 1354 | . 1024 330 Guns 980 | . 942 38 Cannons 88 | . 70 18 Explosions 274 | . . 274 Melee . | . . . Ramming 12 | . 12 . Kinetic 892 | . 854 38 Thermal 176 | . 158 18 Explosive 274 | . . 274 Electromagnetic . | . . . Impact . | . . . Slashing . | . . . Piercing . | . . . Highest Corruption . | . . . Average Corruption . | . . . Corruption Purged . | . . . Corruption Blocked . | . . . Overload Shots . | . . . Overflow Damage 12 | . . 12 Projectiles . | . . . Explosions 12 | . . 12 Melee . | . . . Knockbacks . | . . . Impact . | . . . Kinetic . | . . . Secondary . | . . . Self-Inflicted Damage 23 | . . 23 Shots 1 | . . 1 Rammed . | . . . Targets Rammed 4 | . 4 . Kicked 4 | . 4 . Crushed . | . . . Highest Temperature 168 | . 168 . Average Temperature 36 | . 36 . Received Heat Transfer 465 | . 366 99 Siege Activations . | . . . Martial Activations . | . . . Shielding Activations . | . . . Robots Disrupted . | . . . Combat Hostiles . | . . . Robots Corrupted . | . . . Combat Hostiles . | . . . Parts Fried . | . . . Impact Corruptions . | . . . Robots Melted . | . . . Combat Hostiles . | . . . Parts Melted . | . . . Heat Transferred 407 | . 370 37 Parts Sabotaged . | . . . Parts Stolen . | . . . Parts Stripped . | . . . Power Chain Reactions . | . . . Alert | -11 -10 -10 ------- Run | Yrd Mat Sub Maximum Alert Level . | . . . Low Security (%) 100 | 100 100 . Level 1 . | . . . Level 2 . | . . . Level 3 . | . . . Level 4 . | . . . Level 5 . | . . . High Security . | . . . Max Security . | . . . Peak Influence 106 | . 106 . Initial . | . . . Average 37 | . 39 . Influence Increases 335 | . 335 . Destroy 0b10 Robot/C 240 | . 240 . Destroy 0b10 Robot/NC 20 | . 20 . Destroy Leader 64 | . 64 . Successful Hack 10 | . 10 . Destroy Structure 1 | . 1 . Influence Decreases 335 | . 313 22 Entered New Map 11 | . . 11 Time Decay 304 | . 293 11 Lost Part 20 | . 20 . Squads Dispatched 3 | . 3 . Investigation 2 | . 2 . Extermination . | . . . Reinforcement 1 | . 1 . Assault . | . . . Garrison . | . . . Intercept . | . . . Searches Triggered . | . . . Construction Impeded . | . . . Haulers Reinforced . | . . . Active Scanning Responses . | . . . Cargo Convoy Interrupts . | . . . Stealth | -11 -10 -10 --------- Run | Yrd Mat Sub Distress Signals 1 | . 1 . Communications Jammed . | . . . Distress Signals . | . . . Times Spotted 26 | . 20 6 Peak Tracking Total 4 | . 4 4 Tactical Retreats . | . . . Traps | -11 -10 -10 ------- Run | Yrd Mat Sub Traps Triggered 1 | . 1 . Indirectly . | . . . Trap Hack Attempts . | . . . Triggered . | . . . Disarmed . | . . . Reprogrammed . | . . . Reused . | . . . Traps Extracted . | . . . Installed . | . . . Triggered . | . . . Machines | -11 -10 -10 ---------- Run | Yrd Mat Sub Machines Disabled . | . . . Max in Single Turn . | . . . Machines Repaired . | . . . Machines Dismantled . | . . . Machines Sabotaged . | . . . Overloaded Fab Kills . | . . . Hacking | -11 -10 -10 --------- Run | Yrd Mat Sub Machines Accessed 8 | . 8 . Terminals 7 | . 7 . Fabricators . | . . . Repair Stations . | . . . Recycling Units 1 | . 1 . Scanalyzers . | . . . Garrison Access . | . . . Total Hacks 25 | . 25 . Successful 9 | . 9 . Failed 15 | . 15 . Catastrophic 1 | . 1 . Database Lockouts 1 | . 1 . Manual 21 | . 21 . Terminals 21 | . 21 . Fabricators . | . . . Repair Stations . | . . . Recycling Units 4 | . 4 . Scanalyzers . | . . . Garrison Access . | . . . Terminal Hacks 4 | . 4 . Robot Analysis 1 | . 1 . Prototype ID Bank 2 | . 2 . Terminal Index 1 | . 1 . Fabricator Hacks . | . . . Repair Station Hacks . | . . . Recycling Unit Hacks . | . . . Scanalyzer . | . . . Garrison Access Hacks . | . . . Unauthorized Hacks 5 | . 5 . Terminals 5 | . 5 . Botnet 5 | . 5 . Fabricators . | . . . Repair Stations . | . . . Recycling Units . | . . . Scanalyzers . | . . . Garrison Access . | . . . Data Cores Recovered . | . . . Used . | . . . Hacking Detections 7 | . 7 . Full Trace Events 2 | . 2 . Feedback Events . | . . . Feedback Blocked . | . . . Robot Schematics Acquired . | . . . Robots Built . | . . . Authchips . | . . . Time . | . . . Total Robot Build Rating . | . . . Part Schematics Acquired . | . . . Parts Built . | . . . Authchips . | . . . Time . | . . . Total Part Build Rating . | . . . Parts Repaired . | . . . Time . | . . . Parts Recycled . | . . . Recycled Matter . | . . . Retrieved Matter . | . . . Retrieved Components . | . . . Parts Scanalyzed . | . . . Part Schematics Acquired . | . . . Parts Damaged . | . . . Bothacking | -11 -10 -10 ------------ Run | Yrd Mat Sub Used RIF Installer . | . . . Robots Hacked . | . . . Non-combat . | . . . Combat . | . . . Robot Hacks Applied . | . . . Relay Couplers Released . | . . . Fabnet Peak Effective % . | . . . Robots Rewired . | . . . Allies Hacked . | . . . Hacks Repelled . | . . . Allies | -11 -10 -10 -------- Run | Yrd Mat Sub Total Allies . | . . . Largest Group . | . . . Highest-Rated Group . | . . . Highest-Rated Ally . | . . . Total Orders . | . . . Ally Attacks . | . . . Total Damage . | . . . Kills . | . . . Allies Corrupted . | . . . Allies Melted . | . . . Intel | -11 -10 -10 ------- Run | Yrd Mat Sub Active Infowar (turns) . | . . . Robot Analysis Total 1 | . 1 . Derelict Logs Recovered . | . . . Drone Launches . | . . . Drone Recoveries . | . . . Exploration | -11 -10 -10 ------------- Run | Yrd Mat Sub Turns Passed 1392 | 67 1156 169 Spaces Moved 749 | 53 625 71 Core 22 | 21 . 1 Treads . | . . . Legs 727 | 32 625 70 Wheels . | . . . Hover . | . . . Flight . | . . . Fastest Speed 50 | 50 120 190 Average Speed 138 | 92 136 193 Slowest Speed 450 | 120 190 450 Overloaded Moves . | . . . Propulsion Burnouts . | . . . Robots Hopped . | . . . Potential Cave-ins . | . . . Cave-ins Triggered . | . . . Exploration Rate (%) 35 | 4 93 10 Regions Visited 2 Branch Regions 1 Pre-discovered Areas . | . . . Known Exits Taken . | . . . Unknown Exits Taken 2 | 1 1 . Scrap Searched . | . . . Spaces Dug . | . . . Terrain Destroyed 16 | . . 16 Melee . | . . . Projectile . | . . . AOE 16 | . . 16 Terrain Rammed . | . . . Walls Destroyed . | . . . Machines Disabled . | . . . Actions | -11 -10 -10 --------- Run | Yrd Mat Sub Total 962 | 71 801 90 Wait 83 | 6 74 3 Move 747 | 52 624 71 Hop . | . . . Pick Up 22 | 7 12 3 Fast Attach 2 | . 2 . Attach 10 | 6 2 2 Detach . | . . . Swap 7 | . 6 1 Drop 6 | . 6 . Fire 81 | . 71 10 Melee . | . . . Ram . | . . . Kick 4 | . 4 . Crush . | . . . Escape Stasis . | . . . Rewire . | . . . Trap . | . . . Miscellaneous . | . . . Route ------- -11/Scrapyard -10/Materials (discovered 5 exits: [*Mat x3] / [*Min] / [*Sub]) -10/Subcaves History --------- Turn | Location | Event 11 | -11/Scrapyard | Discovered new exit (range 15) 68 | -11/Scrapyard | Entered Materials 265 | -10/Materials | Discovered new exit (range 8) 300 | -10/Materials | Build established: Mutant 547 | -10/Materials | Discovered new exit (range 10) 855 | -10/Materials | Discovered new exit (range 16) 882 | -10/Materials | Discovered new exit (range 10) 1138 | -10/Materials | Central database locked down 1203 | -10/Materials | Discovered new exit (range 10) 1224 | -10/Materials | Entered Subcaves 1237 | -10/Subcaves | Shifting Twisted Machinery released Sub. Optics 1243 | -10/Subcaves | Shifting Twisted Machinery released Shrapnel Trap 1374 | -10/Subcaves | Ambushed by Subdweller buried in earth 1378 | -10/Subcaves | Core integrity fell below 50% 1379 | -10/Subcaves | Ambushed by Subdweller buried in earth 1384 | -10/Subcaves | Core integrity fell below 20% 1393 | -10/Subcaves | Destroyed by 5J-VX2(R) with Subdweller Laser Last Messages --------------- 01334_ Subatomizers dissect the Sub. Power Source. 01345_ Acquired 36 matter. 01348_ Acquired Sub. Power Source. 01358_ Subatomizers dissect the Disposable Heat Sink. 01368_ Aluminum Leg destroyed. 01369_ HV Slug penetrates Twisted Machinery. 01370_ LA-RXT(h) destroyed. 01371_ Subatomizers dissect the Disposable Heat Sink. 01372_ Aluminum Leg destroyed. 01375_ 5J-VX2(R): "NOSTUCKSUB!" 01380_ J7-LGH(R): "ARGHSUB!" 01381_ Beam Cannon destroyed. 01381_ 4F-DT1(R) destroyed. 01383_ DZ-VPF(R) destroyed. 01385_ Subatomizers dissect the Disposable Heat Sink. 01385_ Grenade Launcher destroyed. 01385_ Destroyed Grenade Launcher. 01389_ Core Shielding destroyed. 01391_ The unstable cave ceiling collapses. 01391_ Assault Rifle destroyed. Map ----- +----------------------------------------------------+ | ????????????# ### #?#" ????? | | ???????????## #### ##?# ????? | | ???????????# # #?##### ##??????????? | | ???????????# ###????### #???????????? | | ??????????# # ## #####?## ###???????????? | | ??????????# #### ### ##????????????? | | ??????????## #### #?????? | | ???????????####?# ## ???? | | ????????????????## ######## ????? | | ?????????????????## ##?????# #????? | | ??????????????????# ##???? ###????? | | ??????????????????# ##??? ##??????? | | ??????????????????# ##?# ??????? | | ??????????????????## &% % ### ?????? | | ???????????????????## = # ?????? | | ????????????????????##! #?#?????? | | ??????????????????#### ! ## ##???????? | | ??????????????????# ;; ###?# #?????????? | | ??????????????????# ##? ???????????? | | ??????????????????# ; #? ??????????????? | | ??????????????????# #????????????????? | | ??????????????????# R #????????????????? | | ???????????????????# ; #????????????????? | | ??????????????????## #?????????????????? | | ??????????????????## ###???????????????? | | ??????????????????# @ #???????????????? | | ??????????????????# R ????????? | | ??????????????????## #### #?????????? | | ???????????????????# #????????????????? | | ???????????????????# #????????????????? | | ???????????????????#### ##????????????????? | | ??????????????????????## ! #?????????????????? | | ??????????????????????? " && ##?????????????????? | | ???????????????????????""!% #??????????????????? | | ??????????????????????? ##??????????????????? | | ??????????????????????? " ##"???????????????????? | | ?????????????????????? " ? ???????????????????? | | ?????????????????????? ? ""?????????????????????? | | ????????????????????????# ?"?????????????????????? | | ?????????????????????????????????????????????????? | | ?????????????????????????????????????????????????? | | ?????????????????????????????????????????????????? | | ?????????????????????????????????????????????????? | | ?????????????????????????????????????????????????? | | ?????????????????????????????????????????????????? | | ?????????????????????????????????????????????????? | | ?????????????????????????????????????????????????? | | ?????????????????????????????????????????????????? | | ?????????????????????????????????????????????????? | | ?????????????????????????????????????????????????? | +----------------------------------------------------+ Best States ------------- Heat Dissipation 25 Energy Generation 15 Energy Capacity 250 Matter Stores 247 Matter Capacity 300 Sight Range 16 Terrain Scan Density 10 Core Shielding 20 Evasion (%) 55 Item Schematics ----------------- None Robot Schematics ------------------ None Fabricated ------------ Nothing Repaired ---------- Nothing Alien Tech Used ----------------- None Achievements -------------- None Challenges ------------ None Game ------ Seed ExperimentalActuatorBrace Manual? 0 Play Time 00:11:54 Cumulative 40.2 hours Start 2025.05.09 @ 21:34:58 End 2025.05.09 @ 21:44:56 Sessions 1 Manual Loads 0 Difficulty Rogue Special Mode None Game No. 65 Rogue 65 Adventurer 0 Explorer 0 Win Type - Total 0 Types 0/0/0/0/0/0/0/0/0/0 Lore% 22 Gallery% 25 Achievement% 25 Wizard Run 0 Options --------- Layout 0 ASCII 0 Keyboard 0 Movement Mouse Keybinds 0 Fullscreen 1 Font 18/Smallcaps Map View 76x50 Zoom Use 0% Tactical HUD 1 Map Filters NONE Filters NONE Steam 1 RUN: b60a8d39-59f2-47e6-a6e3-c46544e247cc